 Dungeon Crawl Stone Soup version 0.18.1-50-g88ac8fd (webtiles) character file.

38 varam the Charlatan (level 3, 17/17 HPs)
             Began as a Spriggan Artificer on Oct 22, 2016.
             Quit the game on level 2 of the Dungeon on Oct 23, 2016.
             The game lasted 00:04:17 (1365 turns).

varam the Charlatan (Spriggan Artificer)            Turns: 1365, Time: 00:04:18

Health: 17/17      AC:  2    Str:  7    XL:     3   Next: 25%
Magic:  7/7        EV: 19    Int: 13    God:
Gold:   49         SH:  0    Dex: 17    Spells: 0 memorised, 2 levels left

rFire  . . .     SeeInvis +     a - +0 short sword
rCold  . . .     Gourm    .     b - +0 robe
rNeg   . . .     Faith    .     (shield restricted)
rPois  .         Spirit   .     (helmet restricted)
rElec  .         Dismiss  .     (no cloak)
rCorr  .         Reflect  .     (gloves unavailable)
SustAt .         Harm     .     (boots unavailable)
MR     .....                    (no amulet)
Stlth  ++........               (no ring)
                                (no ring)

@: very quick, not resistant to hostile enchantments, unstealthy
A: unfitting armour, see invisible, herbivore 3, speed 3, slow metabolism 2
a: no special abilities


You were on level 2 of the Dungeon.
You were not hungry.

You visited 1 branch of the dungeon, and saw 2 of its levels.

You collected 49 gold pieces.

Inventory:

Hand Weapons
 a - a +0 short sword (weapon)
Missiles
 h - 26 stones (quivered)
Armour
 b - a +0 robe (worn)
Wands
 c - a wand of flame (4/48)
 d - a wand of enslavement (14/24)
 e - a wand of random effects (9/48)
Scrolls
 j - a scroll of identify {unknown}
 n - a scroll of amnesia {unknown}
 o - a scroll of recharging {unknown}
Potions
 g - a potion of agility {unknown}
 i - a potion of degeneration {unknown}
 k - 2 potions of berserk rage {unknown}
 l - a potion of lignification {unknown}
 m - a potion of beneficial mutation {unknown}
Comestibles
 f - a bread ration


   Skills:
 + Level 0.8 Fighting
 + Level 1.5 Short Blades
 + Level 3.6 Dodging
 - Level 1.5 Stealth
 + Level 5.2 Evocations


You had 2 spell levels left.
You didn't know any spells.

Dungeon Overview and Level Annotations

Branches:
Dungeon (2/15)

Altars:


Innate Abilities, Weirdness & Mutations

You are tiny and cannot use many weapons and most armour.
You have supernaturally acute eyesight.
You are a herbivore.
You cover ground extremely quickly.
You need consume almost no food.


Message History

No target in view!
No target in view!
No target in view!
No target in view!
No target in view!
No target in view!
No target in view!
h - 26 stones (gained 3)
There is an open door here.
Things that are here:
a whip; a kobold corpse You open the door.
A worm comes into view.
Found a scroll labeled JEOCUH IGORROE.
There is an open door here.
A worm is nearby!
Welcome back, varam the Spriggan Artificer.
Press ? for a list of commands and other information.
Unknown command.
Are you sure you want to abandon this character and quit the game? (Confirm with "yes".)

#############...#...#
#######'##
'...............+...# #.#
##########......#...# #.# #####
#..%......<#########.# ....#
#....................#
....######..(...###############
....#...##......#
....#...........########
....)...........@.?.....
....#.....#.....#.......
#####.....#.....#.......
#.....#.....#.......
#######.....#.......
#.....#....... #.....#...w...
#.....#...?... #######


You could see a worm.

Vanquished Creatures
  An ooze (D:1)
  A worm (D:2)
  A dart slug (D:1)
  A giant gecko (D:1)
  4 bats (D:1)
  2 giant cockroaches (D:1)
  3 goblins
  3 hobgoblins
  A ball python (D:2)
  A giant newt (D:1)
  5 kobolds
  3 rats (D:1)
26 creatures vanquished.

Vanquished Creatures (collateral kills)
  A kobold (D:2)
1 creature vanquished.

Grand Total: 27 creatures vanquished

Notes
Turn   | Place    | Note
--------------------------------------------------------------
     0 | D:1      | varam the Spriggan Artificer began the quest for the Orb.
     0 | D:1      | Reached XP level 1. HP: 9/9 MP: 4/4
   392 | D:1      | Reached XP level 2. HP: 14/14 MP: 6/6
   925 | D:1      | Reached skill level 5 in Evocations
  1197 | D:2      | Reached XP level 3. HP: 17/17 MP: 7/7
  1365 | D:2      | Quit the game

Skill      XL: |  1  2 |
---------------+-------+-----
Evocations     | 5 |  5.2
Fighting       | |  0.8
Short Blades   | |  1.5
Dodging        | |  3.6
Stealth        | |  1.5

Action                   || total
-------------------------++-------
Melee: Short sword       ||    86
Evoke: Wand              ||    18
 Stab: Sleeping          ||     3
Armor: Robe              ||     1
Dodge: Dodged            ||    81
